 Dungeon Crawl Stone Soup version 0.28-a0-706-gf6f64a616a (webtiles) character file.

Game seed: 15495152996685292443

457 bellsore the Insei (level 7, -1/54 HPs)
             Began as a Merfolk Transmuter on Oct 24, 2021.
             Killed from afar by Blork the orc (6 damage)
             ... with a puff of flame
             ... on level 4 of the Dungeon.
             The game lasted 00:08:39 (4473 turns).

bellsore the Insei (Merfolk Transmuter)             Turns: 4473, Time: 00:08:40

Health: -1/54      AC:  2    Str: 11    XL:     7   Next: 6%
Magic:  7/10       EV: 23    Int: 12    God:
Gold:   109        SH:  0    Dex: 21    Spells: 6/10 levels left

rFire   . . .      SeeInvis .     - Unarmed
rCold   . . .      Faith    .   (shield currently unavailable)
rNeg    . . .      Spirit   .   (armour currently unavailable)
rPois   x          Reflect  .   (helmet currently unavailable)
rElec   .          Harm     .   (cloak currently unavailable)
rCorr   .          Rampage  .   (gloves currently unavailable)
Will    .....                   (boots currently unavailable)
Stlth   ++........              h - amulet of magic regeneration
HPRegen 0.18/turn               (no ring)
MPRegen 0.37/turn               (no ring)

@: spider-form
A: venomous fangs, tiny, (nimble swimmer 2), (mertail)
a: End Transformation


You were on level 4 of the Dungeon.
You were a venomous arachnid creature.
You visited 1 branch of the dungeon, and saw 4 of its levels.

You collected 109 gold pieces.

Inventory:

Hand Weapons
 b - a +0 dagger
 c - a +0 dagger of draining (melded)
Armour
 a - a +0 robe (melded)
 f - a +0 cloak (melded)
 l - a +0 pair of gloves (melded)
Jewellery
 h - an amulet of magic regeneration (around neck)
Scrolls
 i - a scroll of teleportation {unknown}
 k - a scroll of identify {unknown}
 m - a scroll of blinking {unknown}
 n - a scroll of vulnerability {unknown}
 o - a scroll of silence {unknown}
Potions
 d - 2 potions of might {unknown}
 e - a potion of mutation {unknown}
 g - a potion of flight {unknown}
 j - a potion of lignification {unknown}


   Skills:
 + Level 4.2 Fighting
 + Level 5.0 Dodging
 - Level 0.5 Shields
 + Level 5.3 Unarmed Combat
 - Level 2.0 Spellcasting
 - Level 3.9 Transmutations
 - Level 1.7 Poison Magic


You had 6 spell levels left.
You knew the following spells:

 Your Spells              Type           Power      Damage    Failure   Level
a - Beastly Appendage     Tmut           20%        N/A       16%         1
b - Spider Form           Tmut/Pois      4%         N/A       47%         3

Your spell library contained the following spells:

 Spells                   Type           Power      Damage    Failure   Level
 Wereblood                Tmut           10%        N/A       22%         2
 Ice Form                 Ice/Tmut       5%         N/A       90%         4


Dungeon Overview and Level Annotations

Branches:
Dungeon (4/15)
 Temple: D:4-7

Altars:
Wu Jian
Yredelemnul

Annotations:
D:4 Blork the orc


Innate Abilities, Weirdness & Mutations

You are a venomous arachnid creature.
You have poisonous fangs.
You are tiny and dextrous.
Your spellcasting is less reliable in this form.
Your armour is entirely melded.
You are incapable of wielding weapons or throwing items.
((You are quick and stealthy near water. (Stealth+, EV+, Speed+++)))
((Your lower body shifts to a powerful aquatic tail in water.))


Message History

The orc priest looks as sick as possible!
The orc priest is moderately wounded.
The orc priest hits you with a +0 hand axe.
The orc closely misses you.
You hit the orc priest.
You kill the orc priest!
You bite the orc!
You kill the orc!
You hit the orc priest but do no damage.
The orc priest is poisoned.
The orc priest misses you.
You hit the orc priest.
The orc priest is lightly wounded.
The orc priest invokes the aid of Beogh against you.
Beogh smites you!
* * * LOW HITPOINT WARNING * * *
You completely miss the orc priest.
The orc priest is moderately wounded.
You bite the orc priest!
You kill the orc priest!
Your transformation has ended.
Your +0 dagger of draining unmelds from your body.
Your +0 cloak unmelds from your body.
Your +0 pair of gloves unmelds from your body.
Your +0 robe unmelds from your body.
You sense an unholy aura.
Your Dodging skill increases to level 5!
You have reached level 7!
Casting: Spider Form (dangerous; 26% risk of failure)
Confirm with . or Enter, or press ? or * to list all spells.
You don't know that spell.
Casting: Spider Form (dangerous; 26% risk of failure)
Confirm with . or Enter, or press ? or * to list all spells.
You turn into a venomous arachnid creature.
Your +0 dagger of draining melds into your body.
Your +0 cloak melds into your body.
Your +0 pair of gloves melds into your body.
Your +0 robe melds into your body.
Blork the orc zaps a wand.
The puff of flame hits you!
* * * LOW HITPOINT WARNING * * *
Blork the orc zaps a wand.
The puff of flame hits you.
You die...

#.......#
########.......#
#######.....))......##
.........#####.).....#
.........#####.......#
.....................#
.........######.....##
.........# ##...##
###..##### #s.##
....## ##.# ..... #o#
###... ....o.o{# ####.
.......o. ......)...
.........!.
............
.........####


You could see Blork the orc and an orc.

Vanquished Creatures
  2 ogres
  A water moccasin skeleton (D:4)
  A jelly (D:3)
  3 orc priests (D:4)
  Jessica (D:3)
  3 adders
  2 worms (D:2)
  2 orcs (D:4)
  2 bats (D:1)
  6 endoplasms
  5 giant cockroaches
  9 goblins
  7 hobgoblins
  3 kobolds (D:3)
  3 quokkas
  6 ball pythons
  2 frilled lizards
  5 rats
63 creatures vanquished.

Vanquished Creatures (others)
  5 plants (D:4)
5 creatures vanquished.

Grand Total: 68 creatures vanquished

Notes
Turn   | Place    | Note
-------+----------+-------------------------------------------
     0 | D:1      | bellsore the Merfolk Transmuter began the quest for the
                  | Orb.
     0 | D:1      | Reached XP level 1. HP: 15/15 MP: 3/3
   507 | D:1      | Reached XP level 2. HP: 20/22 MP: 5/5
  1598 | D:2      | Reached XP level 3. HP: 10/28 MP: 6/6
  1602 | D:2      | Learned a level 3 spell: Spider Form
  3067 | D:3      | Noticed Jessica
  3073 | D:3      | Killed Jessica
  3074 | D:3      | Reached skill level 1 in Poison Magic
  3074 | D:3      | Reached XP level 4. HP: 22/34 MP: 4/7
  3293 | D:3      | Found a basalt altar of Yredelemnul.
  3302 | D:3      | Found an ornate altar of the Wu Jian Council.
  3486 | D:3      | Found a faded altar of an unknown god.
  3730 | D:3      | Noticed an ogre
  3741 | D:3      | Killed an ogre
  3742 | D:3      | Reached XP level 5. HP: 32/41 MP: 4/8
  3969 | D:3      | Reached XP level 6. HP: 22/47 MP: 9/9
  4389 | D:4      | Reached skill level 5 in Unarmed Combat
  4455 | D:4      | Noticed Blork the orc
  4472 | D:4      | Reached skill level 5 in Dodging
  4472 | D:4      | Reached XP level 7. HP: 13/54 MP: 10/10
  4473 | D:4      | Killed from afar by Blork the orc

Illustrated notes

Levels and vault maps discovered:
D:1:      roderic_dead_forest, layout_loops_corners, minmay_door_square
D:2:      layout_loops_corners, kennysheep_potato, uniq_crazy_yiuf_cottage
D:3:      layout_loops_ring, lemuel_round_altar, lemuel_crystal_altar,
          shapermc_ecumenical_altar_petra, uniq_jessica
D:4:      layout_rooms, mainiacjoe_overflow_boulevard,
          minmay_temple_entry_junction, serial_shops, nicolae_shop_crystal,
          uniq_blork_the_orc

Skill      XL: |  1  2  3  4  5  6 |
---------------+-------------------+-----
Fighting       | 2 3 4 |  4.2
Unarmed Combat | 4 5 |  5.3
Transmutations | 3 |  3.9
Poison Magic   | 1 |  1.7
Dodging        | 3 5 |  5.0
Shields        | |  0.5
Spellcasting   | |  2.0

Action                   |  1- 3 |  4- 6 |  7- 9 || total
-------------------------+-------+-------+-------++-------
Melee: Unarmed           |    16 |    33 |       ||    49
       Dagger            |    77 |    69 |       ||   146
       Headbutt          |     8 |     4 |       ||    12
 Cast: Beastly Appendage |    15 |     7 |       ||    22
       Spider Form       |     2 |     5 |     1 ||     8
 Stab: Sleeping          |     2 |       |       ||     2
Armor: Robe              |    20 |    16 |       ||    36
       Skin              |     1 |     1 |       ||     2
Dodge: Dodged            |    38 |    61 |       ||    99

Table legend: (Time is in decaauts)
 A = Elapsed time spent in this place.
 B = Non-inter-level travel time spent in this place.
 C = Inter-level travel time spent in this place.
 D = Time resting spent in this place.
 E = Time spent auto-exploring this place.
 F = Levels seen in this place.
 G = Mean time per level.
                   A        B        C        D        E       F      G
               +--------+--------+--------+--------+--------+-----+--------+
         Total |   4467 |   4350 |    117 |   1000 |   2851 |   4 | 1116.8 |
       Dungeon |   4467 |   4350 |    117 |   1000 |   2851 |   4 | 1116.8 |
               +--------+--------+--------+--------+--------+-----+--------+

Top non-repeatable levels by time:
     D:1: 1582 daAuts
     D:2: 1401 daAuts
     D:3: 1318 daAuts
     D:4: 164 daAuts
